Map: [ESL] Hard Lead

Players

Zain

  • Race: Protoss Protoss
  • Spawn Location: 11:00

Scarlett - Winner!

  • Race: Zerg Zerg
  • Spawn Location: 5:00

Event: ESL SC2 Masters 2023 Winter (Finals)

VOD

Have the link to the VOD?

Description

Time

  • Played on: Dec. 15, 2023, 2:12 p.m.
  • Length: 5:55

All games in this series

Show
View Real Time Build Order
Export as new Build Order

Zain Protoss 

Build Orders: 1 Gate Expand, Oracle Opening 

Get SALT Encoding   

  12  0:00  Probe  
  13  0:12  Probe  
  14  0:19  Pylon  
  14  0:24  Probe  
  15  0:38  Gateway, Probe (Chrono Boost)  
  16  0:46  Probe (Chrono Boost)  
  17  0:50  Assimilator  
  17  0:52  Probe  
  18  1:04  Probe  
  19  1:16  Probe  
  20  1:25  Nexus  
  20  1:35  Cybernetics Core  
  20  1:38  Probe  
  21  1:43  Assimilator  
  21  1:50  Probe  
  21  1:52  Pylon  
  22  2:03  Probe (Chrono Boost)  
  23  2:12  Adept  
  23  2:15  Probe (Chrono Boost)  
  27  2:23  Probe (Chrono Boost)  
  27  2:25  Stargate  
  27  2:29  Probe (Chrono Boost)  
  27  2:33  Warp Gate  
  28  2:38  Probe (Chrono Boost)  
  28  2:41  Probe (Chrono Boost)  
  28  2:43  Adept  
  32  2:46  Probe (Chrono Boost)  
  32  2:47  Probe (Chrono Boost)  
  34  2:51  Probe (Chrono Boost)  
  34  2:55  Probe  
  36  3:03  Probe  
  37  3:07  Probe  
  37  3:08  Oracle (Chrono Boost)  
  42  3:20  Probe  
  42  3:22  Nexus  
  43  3:27  Probe  
  43  3:31  Gateway  
  43  3:34  Pylon  
  43  3:39  Oracle (Chrono Boost)  
  46  3:47  Pylon  
  46  3:52  Probe x2  
  46  3:54  Twilight Council  
  48  3:59  Shield Battery  
  48  4:04  Probe x2  
  50  4:11  Assimilator  
  50  4:13  Assimilator  
  50  4:16  Probe x2  
  52  4:18  Gateway  
  52  4:28  Probe x2  
  54  4:40  Probe x3  
  54  4:41  Stalker x2  
  61  4:53  Probe x3  
  64  5:05  Probe x3  
  64  5:06  Stalker x2  
  71  5:09  Shield Battery  
  71  5:11  Pylon  
  72  5:17  Probe  
  72  5:21  Probe x2  
  70  5:22  Stalker  
  66  5:29  Probe  
  66  5:30  Shield Battery, Stalker  
  66  5:31  Stalker  
  66  5:32  Shield Battery  
  66  5:34  Pylon  
  68  5:37  Shield Battery  
  68  5:41  Pylon  
  66  5:50  Pylon  
Show
View Real Time Build Order
Export as new Build Order

Scarlett Zerg - Winner!

Build Orders: Hatch First 

Get SALT Encoding   

  12  0:00  Drone  
  13  0:12  Overlord  
  13  0:17  Drone  
  14  0:31  Drone x2  
  16  0:48  Hatchery  
  15  0:51  Drone  
  15  0:55  Drone  
  17  0:58  Drone  
  18  1:09  Extractor  
  17  1:14  Spawning Pool  
  17  1:18  Drone  
  17  1:21  Drone  
  18  1:28  Drone  
  19  1:40  Drone  
  20  1:50  Drone  
  21  2:01  Queen x2  
  21  2:02  Zergling x2, Overlord  
  26  2:10  Drone  
  26  2:12  Drone  
  28  2:22  Drone x2  
  30  2:23  Metabolic Boost  
  30  2:33  Drone  
  31  2:37  Hatchery  
  31  2:40  Drone  
  31  2:48  Queen  
  31  2:51  Overlord  
  33  2:59  Drone x3  
  35  3:08  Overlord  
  35  3:12  Drone x4  
  39  3:13  Queen  
  39  3:18  Drone x2  
  43  3:25  Queen  
  45  3:36  Extractor, Roach Warren  
  45  3:40  Drone x4  
  47  3:43  Overlord  
  47  3:48  Drone x3  
  50  3:52  Overlord x2  
  50  4:01  Drone  
  50  4:02  Drone x3  
  53  4:17  Roach x6  
  61  4:24  Spore Crawler  
  61  4:27  Roach x2  
  61  4:29  Zergling x4  
  62  4:36  Zergling x8  
  66  4:44  Zergling x8  
  70  4:49  Zergling x8  
  74  4:55  Zergling x2, Ravager  
  74  4:56  Zergling x2  
  76  5:09  Zergling x10  
  80  5:16  Zergling x6  
  80  5:17  Overlord  
  80  5:18  Overlord  
  81  5:27  Drone x2, Overlord  
  82  5:33  Overlord  
  82  5:34  Overlord  
  81  5:38  Drone x4  
  85  5:43  Ravager x3  
Tags
 
Add a new tag
Caveats
  • Supply blocks, unpowered buildings, or Contaminate may cause inaccurate times.
  • Supply counts are checked every 10 seconds.